 Dungeon Crawl Stone Soup version 0.26.0-45-g9c1d065592 (webtiles) character file.

Game seed: 14793631610899215620

2055 trckry the Quickloader (level 9, -5/52 HPs)
             Began as a Tengu Hunter on Jan 28, 2021.
             Slain by a hornet (12 damage)
             ... while paralysed by a hornet
             ... on level 6 of the Dungeon.
             The game lasted 00:10:50 (7798 turns).

trckry the Quickloader (Tengu Hunter)               Turns: 7798, Time: 00:10:51

Health: -5/52      AC: 11    Str: 16    XL:     9   Next: 25%
Magic:  12/12      EV:  2    Int: 11    God:
Gold:   222        SH:  0    Dex: 15    Spells: 8/8 levels left

rFire    + . .     SeeInvis .   b - +4 quarterstaff (chaos)
rCold    x . .     Faith    .   (shield currently unavailable)
rNeg     . . .     Spirit   .   n - +0 plate armour (curse)
rPois    .         Reflect  .   (helmet restricted)
rElec    .         Harm     .   u - +0 cloak
rCorr    +         Rampage  .   (no gloves)
Will     .....                  (boots unavailable)
Stlth    ..........             (no amulet)
HPRegen  0.17/turn              i - ring of resist corrosion
MPRegen  0.13/turn              y - ring of fire

@: paralysed, lethally poisoned (-5 -> -19), flying quickly and evasively,
slowed, quick
A: beak, talons 3, able to fly
a: Stop Flying


You were on level 6 of the Dungeon.
You visited 2 branches of the dungeon, and saw 7 of its levels.

You collected 222 gold pieces.

Inventory:

Hand Weapons
 a - a +1 hand crossbow
 b - a +4 quarterstaff of chaos (weapon)
Missiles
 d - 34 bolts
 x - 24 poisoned darts (quivered)
Armour
 n - a cursed +0 plate armour (worn)
 u - a +0 cloak (worn)
Jewellery
 i - a ring of resist corrosion (left hand)
 y - a ring of fire (right hand)
Scrolls
 g - 6 scrolls of teleportation {unknown}
 h - 3 scrolls of enchant weapon {unknown}
 j - 8 scrolls of identify {unknown}
 k - a scroll of fear {unknown}
 l - 3 scrolls of magic mapping {unknown}
 q - 2 scrolls of random uselessness {unknown}
 r - 2 scrolls of amnesia {unknown}
 t - a scroll of remove curse {unknown}
 v - a scroll of immolation {unknown}
 w - a scroll of noise {unknown}
 B - a scroll of fog {unknown}
Potions
 c - a potion of brilliance {unknown}
 e - a potion of magic {unknown}
 f - a potion of mutation {unknown}
 m - a potion of berserk rage {unknown}
 o - a potion of ambrosia {unknown}
 p - 4 potions of haste {unknown}
 s - a potion of lignification {unknown}
 z - 3 potions of heal wounds {unknown}
 A - 3 potions of attraction {unknown}
 C - a potion of curing {unknown}


   Skills:
 + Level 4.6 Fighting
 * Level 5.7 Staves
 * Level 8.1 Crossbows
 + Level 5.1 Dodging
 - Level 1.0 Stealth
 + Level 3.6 Invocations
 + Level 4.0 Evocations


You had 8 spell levels left.
You didn't know any spells.
Your spell library contained the following spells:

 Spells                   Type           Power        Failure   Level
 Confusing Touch          Hex            0%           100%        3
 Gell's Gravitas          Tloc           0%           100%        3
 Petrify                  Tmut/Erth      0%           100%        4
 Metabolic Englaciation   Hex/Ice        0%           100%        5
 Yara's Violent Unravell  Hex/Tmut       0%           100%        5


Dungeon Overview and Level Annotations

Branches:
Dungeon (6/15)             Temple (1/1) D:5

Altars:
Ashenzari
Cheibriados
Dithmenos
Elyvilon
Fedhas
Gozag
Hepliaklqana
Kikubaaqudgha
Makhleb
Qazlal
Ru
Trog
Wu Jian
Xom
Yredelemnul
Zin
The Shining One

Shops:
D:6 [


Innate Abilities, Weirdness & Mutations

You have a beak for a mouth.
You have claws for feet.
You can fly continuously.


Message History

You feel sick. The hornet stings you.
You feel yourself slow down. The hornet stings you.
You shrug off the repeated paralysis!
You hit the hornet. Lightning courses through the hornet!
Your kick misses the hornet. You peck the hornet.
The hornet is heavily wounded.
You feel yourself speed up.
You feel sick.
The hornet stings you but does no damage.
The hornet stings you!
You are more poisoned.
You feel yourself slow down.
You closely miss the hornet.
The hornet is heavily wounded.
You feel sick. The hornet stings you.
* * * LOW HITPOINT WARNING * * *
You suddenly lose the ability to move!
The hornet stings you!
* * * LOW HITPOINT WARNING * * *
You feel as though you will be slow longer.
The hornet stings you!
You die...

# #. #.. ### #...##+###.##
#....y......#
#####....@.....#
##..######.....##########
#...##..##.....##..#..#.##.
#.......##?....##..........
#........#.................
#........#.................
#........#.................
##..##...#.................
##..##..##...####.##.###...


You could see a hornet.

Vanquished Creatures
  Edmund (D:6)
  A water moccasin (D:6)
  An orc warrior (D:6)
  A sky beast (D:6)
  A black bear (D:6)
  A necrophage (D:6)
  3 ogres
  2 centaurs
  A bullfrog (D:6)
  A scorpion (D:5)
  A bullfrog zombie (D:5)
  A hound (D:5)
  2 jellies (D:6)
  Crazy Yiuf (D:2)
  5 orc priests
  A bullfrog skeleton (D:6)
  Jessica (D:2)
  3 iguanas
  6 orc wizards
  3 worker ants
  A worker ant zombie (D:6)
  Robin (D:2)
  9 adders
  A shadow imp (D:5)
  2 ufetubi
  An ooze (D:3)
  An adder zombie (D:5)
  2 adder skeletons
  3 worms
  A dart slug (D:1)
  3 leopard geckos
  20 orcs
  6 bats
  2 giant cockroaches
  19 goblins
  11 hobgoblins
  4 jackals (D:1)
  8 kobolds
  4 quokkas
  3 ball pythons
  4 frilled lizards
  2 quokka skeletons (D:5)
  A quokka zombie (D:5)
  13 rats
159 creatures vanquished.

Notes
Turn   | Place    | Note
-------+----------+-------------------------------------------
     0 | D:1      | trckry the Tengu Hunter began the quest for the Orb.
     0 | D:1      | Reached XP level 1. HP: 12/12 MP: 2/2
   220 | D:1      | Reached XP level 2. HP: 17/17 MP: 3/3
   871 | D:1      | Reached XP level 3. HP: 19/21 MP: 4/4
  1024 | D:2      | Noticed Robin
  1236 | D:2      | Reached skill level 1 in Evocations
  1652 | D:2      | Killed Robin
  1653 | D:2      | Reached skill level 5 in Crossbows
  1653 | D:2      | Reached skill level 1 in Invocations
  1653 | D:2      | Reached XP level 4. HP: 23/27 MP: 5/5
  1852 | D:2      | Noticed Jessica
  1865 | D:2      | Killed Jessica
  2252 | D:2      | Gained mutation: You can fly continuously. [Tengu growth]
  2252 | D:2      | Reached XP level 5. HP: 31/31 MP: 5/7
  2776 | D:2      | Found a runed translucent door.
  2777 | D:2      | Noticed Crazy Yiuf
  2789 | D:2      | Killed Crazy Yiuf
  3596 | D:3      | Found a stormy altar of Qazlal.
  3596 | D:3      | Found a white marble altar of Elyvilon.
  4084 | D:4      | Reached skill level 1 in Staves
  4084 | D:4      | Reached XP level 6. HP: 34/36 MP: 8/8
  4211 | D:4      | Found a basalt altar of Yredelemnul.
  4211 | D:4      | Found a snail-covered altar of Cheibriados.
  4288 | D:4      | Found a broken altar of Ashenzari.
  4342 | D:4      | Found an ancient bone altar of Kikubaaqudgha.
  4555 | D:4      | Reached skill level 6 in Crossbows
  4954 | D:5      | Entered Level 5 of the Dungeon
  4980 | D:5      | Reached XP level 7. HP: 31/41 MP: 9/9
  5570 | D:5      | Reached XP level 8. HP: 44/47 MP: 11/11
  5864 | D:5      | Found a staircase to the Ecumenical Temple.
  5876 | Temple   | Entered the Ecumenical Temple
  6372 | D:6      | Reached skill level 7 in Crossbows
  6819 | D:6      | Reached skill level 5 in Staves
  6912 | D:6      | Found a bloodstained altar of Trog.
  6915 | D:6      | Reached XP level 9. HP: 20/52 MP: 12/12
  7152 | D:6      | Reached skill level 5 in Dodging
  7297 | D:6      | Found Foji Daefem's Antique Armour Shop.
  7342 | D:6      | Reached skill level 8 in Crossbows
  7417 | D:6      | Noticed Edmund
  7562 | D:6      | Killed Edmund
  7791 | D:6      | Noticed a hornet
  7794 | D:6      | Paralysed by a hornet for 1 turns
  7798 | D:6      | Paralysed by a hornet for 2 turns
  7798 | D:6      | HP: 7/52 [hornet (7)]
  7798 | D:6      | Slain by a hornet

Illustrated notes

Levels and vault maps discovered:
D:1:      dpeg_arrival_rooms_b, layout_loops_ring, solitary_fountain
D:2:      layout_loops_ring, minmay_misc_feat_secret_circle,
          uniq_crazy_yiuf_cottage, uniq_robin, uniq_jessica
D:3:      layout_basic, gammafunk_temple_overflow_elements
D:4:      cheibrodos_pilgrimage, layout_basic, old_standard_altar,
          kennysheep_mini, gammafunk_temple_overflow_wave
D:5:      layout_loops_ring, minmay_temple_entry_proselytizer
D:6:      layout_gridville, marbit_many_paths, nicolae_overflow_hidden_temple,
          serial_shops, shop, uniq_edmund
Temple:   cyrus_temple_forest

Skill      XL: |  1  2  3  4  5  6  7  8  9 |
---------------+----------------------------+-----
Evocations     | 1 2 3 4 |  4.0
Crossbows      | 5 6 7 8 |  8.1
Invocations    | 1 2 3 |  3.6
Dodging        | 3 4 5 |  5.1
Staves         | 1 2 3 5 |  5.7
Fighting       | 3 4 |  4.6
Stealth        | |  1.0

Action                   |  1- 3 |  4- 6 |  7- 9 || total
-------------------------+-------+-------+-------++-------
Melee: Short sword       |   100 |       |       ||   100
       Kick              |    20 |    32 |    43 ||    95
       Peck              |    16 |    22 |    29 ||    67
       Trident           |       |    71 |       ||    71
       Quarterstaff      |       |    85 |   161 ||   246
 Fire: Hand crossbow     |       |       |    35 ||    35
 Abil: Fly               |       |     1 |       ||     1
 Stab: Sleeping          |     3 |       |       ||     3
       Confused          |       |       |     1 ||     1
Armor: Leather armour    |    14 |       |       ||    14
       Plate armour      |    76 |    84 |   113 ||   273
Dodge: Dodged            |    23 |    35 |    47 ||   105
